 Dungeon Crawl Stone Soup version 0.21.1-1-g345015f (webtiles) character file.

1039 Fang the Chopper (level 8, -3/75 HPs)
             Began as a Gargoyle Berserker on June 1, 2018.
             Was a Priest of Trog.
             Slain by GreatJob's ghost (7 damage)
             ... on level 5 of the Dungeon.
             The game lasted 00:06:15 (4772 turns).

Fang the Chopper (Gargoyle Berserker)               Turns: 4772, Time: 00:06:16

Health: -3/75      AC: 14    Str: 29    XL:     8   Next: 24%
Magic:  8/8        EV: 12    Int:  7    God:    Trog [***...]
Gold:   179        SH:  0    Dex:  9    Spells: 7/7 levels left

rFire    . . .     SeeInvis .   a - +1 hand axe
rCold    . . .     Gourm    .   (no shield)
rNeg     + . .     Faith    .   n - +3 ring mail
rPois    ∞         Spirit   .   (no helmet)
rElec    +         Reflect  .   (no cloak)
rCorr    .         Harm     .   (no gloves)
MR       .....                  (no boots)
Stlth    ..........             (no amulet)
HPRegen  0.22/turn              (no ring)
MPRegen  0.11/turn              (no ring)

@: berserking, very quick
A: negative energy resistance 1, electricity resistance, unbreathing,
petrification resistance, rot immunity, AC +5
a: Berserk, Trog's Hand, Burn Spellbooks, Renounce Religion


You were on level 5 of the Dungeon.
You worshipped Trog.
Trog was most pleased with you.
You were hungry.

You visited 1 branch of the dungeon, and saw 5 of its levels.

You collected 179 gold pieces.

Inventory:

Hand Weapons
 a - a +1 hand axe (weapon)
Armour
 n - a +3 ring mail (worn)
Wands
 b - a wand of iceblast (8)
Scrolls
 d - a scroll of remove curse
 g - 2 scrolls of identify {unknown}
 h - a scroll of fog {unknown}
Potions
 f - a potion of flight {unknown}
 i - a potion of ambrosia {unknown}
 j - 4 potions of agility {unknown}
 k - 3 potions of curing {unknown}
 m - 2 potions of berserk rage {unknown}
 o - a potion of heal wounds {unknown}
Comestibles
 c - 7 rations


   Skills:
 + Level 5.4 Fighting
 + Level 6.6 Axes
 + Level 3.5 Armour
 + Level 3.4 Dodging
 + Level 2.9 Stealth


You had 7 spell levels left.
You didn't know any spells.

Dungeon Overview and Level Annotations

Branches:
Dungeon (5/15)
 Temple: D:4-7

Altars:

Shops:
D:4 %

Annotations:
D:5 GreatJob's ghost, novice FoFi


Innate Abilities, Weirdness & Mutations

You are resistant to torment.
Your stone body is resilient. (AC +5)
You are immune to poison.
You resist negative energy. (rN+)
You are resistant to electric shocks. (rElec)
You can survive without breathing.
You are immune to petrification.
You are immune to rotting.


Message History

You hear a chilling moan.
You hear a shout!
The adder closely misses you. GreatJob's ghost hits you!
* * * LOW HITPOINT WARNING * * *
The centaur unwields an uncursed shortbow.
The centaur barely misses you.
The iguana bites you but does no damage.
The adder barely misses you.
As you read the scroll labeled TIUTUU JUCIM, it crumbles to dust.
It is a scroll of enchant weapon.
Your +0 hand axe glows red for a moment.
The centaur closely misses you. GreatJob's ghost hits you!
* * * LOW HITPOINT WARNING * * *
The adder bites you but does no damage. The iguana misses you.
Okay, then.
A red film seems to cover your vision as you go berserk!
You feel yourself moving faster!
You feel mighty!
You are feeling hungry.
The centaur hits you but does no damage.
GreatJob's ghost hits you!
You die...

.. .# .. .# ######## .#
.......# .# .......#
#######.###### .......#
#...?.@S......
....)).####.###clW..####
.....)......##..........
....<..#######...$......
.......# #........#.
######## ##.........
##...##... ##.$. .#.


You could see a centaur, an iguana, GreatJob's ghost and an adder.

Vanquished Creatures
  The ghost of sambug the Chopper, an amateur HOMo (D:4)
  Sigmund (D:2)
  A howler monkey (D:4)
  2 hounds (D:4)
  3 orc priests
  3 orc wizards
  Ijyb (D:4)
  Terence (D:2)
  4 worker ants
  Robin (D:2)
  10 adders
  A howler monkey skeleton (D:4)
  2 oozes
  2 adder skeletons (D:4)
  A worm (D:2)
  A dart slug (D:3)
  4 leopard geckos
  13 orcs
  A ball python (D:3)
  A giant cockroach (D:1)
  15 goblins
  15 hobgoblins
  10 jackals
  16 kobolds
  2 quokkas
  3 bats
  6 frilled lizards
  9 rats
130 creatures vanquished.

Notes
Turn   | Place    | Note
-------+----------+-------------------------------------------
     0 | D:1      | Fang the Gargoyle Berserker began the quest for the Orb.
     0 | D:1      | Reached XP level 1. HP: 14/14 MP: 1/1
    95 | D:1      | Reached XP level 2. HP: 18/19 MP: 2/2
   163 | D:1      | Reached skill level 3 in Axes
   603 | D:1      | Reached XP level 3. HP: 20/23 MP: 3/3
   883 | D:2      | Reached ** piety under Trog
   981 | D:2      | Noticed Terence
   995 | D:2      | Killed Terence
   995 | D:2      | Reached XP level 4. HP: 18/29 MP: 4/4
  1191 | D:2      | Found a faded altar of an unknown god.
  1205 | D:2      | Reached skill level 1 in Stealth
  1208 | D:2      | Noticed Sigmund
  1212 | D:2      | Killed Sigmund
  1212 | D:2      | Reached skill level 4 in Axes
  1212 | D:2      | Reached XP level 5. HP: 33/33 MP: 5/5
  1212 | D:2      | Reached XP level 6. HP: 38/38 MP: 6/6
  1428 | D:2      | Noticed Robin
  1446 | D:2      | Killed Robin
  1657 | D:3      | Reached *** piety under Trog
  1994 | D:3      | Reached skill level 5 in Axes
  2416 | D:4      | Noticed a phantom
  3574 | D:4      | Reached XP level 7. HP: 35/44 MP: 7/7
  3989 | D:4      | Noticed sambug's ghost (amateur HOMo)
  4016 | D:4      | Killed sambug's ghost
  4016 | D:4      | Reached skill level 5 in Fighting
  4016 | D:4      | Reached skill level 6 in Axes
  4016 | D:4      | Reached XP level 8. HP: 41/49 MP: 8/8
  4262 | D:4      | Noticed Ijyb
  4284 | D:4      | Killed Ijyb
  4402 | D:4      | Found Busiu's Food Shop.
  4600 | D:5      | Entered Level 5 of the Dungeon
  4762 | D:5      | Noticed GreatJob's ghost (novice FoFi)
  4772 | D:5      | Slain by GreatJob's ghost

Skill      XL: |  1  2  3  4  5  6  7 |
---------------+----------------------+-----
Axes           | 3 4 5 6 |  6.6
Dodging        | 2 3 |  3.4
Stealth        | 2 |  2.9
Fighting       | 4 5 |  5.4
Armour         | 3 |  3.5

Action                   |  1- 3 |  4- 6 |  7- 9 || total
-------------------------+-------+-------+-------++-------
Melee: Hand axe          |    98 |   283 |   120 ||   501
Invok: Berserk           |     1 |     4 |     4 ||     9
  Use: Scroll            |       |       |     3 ||     3
 Stab: Sleeping          |     1 |     5 |       ||     6
  Eat: Chunk             |       |     7 |     6 ||    13
       Ration            |       |     2 |       ||     2
Armor: Animal skin       |    33 |    94 |       ||   127
       Ring mail         |       |     6 |    64 ||    70
Dodge: Dodged            |    82 |   167 |    75 ||   324
